 Dungeon Crawl Stone Soup version 0.31-a0-234-gad7ace16ef (webtiles) character file.

Game seed: 12495817582922441204

65 Nattfarinn the Stinger (level 4, -13/24 HPs)
             Began as a Gargoyle Venom Mage on July 10, 2023.
             Was an Initiate of Vehumet.
             Mangled by an ice beast (14 damage)
             ... on level 3 of the Dungeon.
             The game lasted 00:02:50 (2193 turns).

Nattfarinn the Stinger (Gargoyle Venom Mage)        Turns: 2193, Time: 00:02:52

Health: -13/24     AC:  5    Str: 11    XL:     4   Next: 13%
Magic:  7/7        EV: 11    Int: 18    God:    Vehumet [......]
Gold:   106        SH:  0    Dex: 10    Spells: 2/7 levels left

rFire   . . .        c - +1 whip (elec)
rCold   . . .        (no shield)
rNeg    + . .        a - +0 robe
rPois   ∞            (no helmet)
rElec   +            (no cloak)
rCorr   .            (no gloves)
SInv    .            (no boots)
Will    .....        (no amulet)
Stlth   ++           (no ring)
HPRegen 0.24/turn    (no ring)
MPRegen 0.10/turn

%: no passive effects
@: mighty
A: sickness immunity, AC +3, negative energy resistance 1, electricity
resistance, torment resistance 1, petrification resistance
a: Renounce Religion


You were on level 3 of the Dungeon.
You worshipped Vehumet.
Vehumet was noncommittal.
You visited 1 branch of the dungeon, and saw 3 of its levels.

You collected 106 gold pieces.

Inventory:

Hand Weapons
 c - a +1 whip of electrocution (weapon)
Armour
 a - a +0 robe (worn)
Wands
 m - a wand of charming (9)
Scrolls
 d - 2 scrolls of fog {unknown}
 e - a scroll of teleportation {unknown}
 f - a scroll of noise {unknown}
 h - a scroll of enchant armour {unknown}
 l - 2 scrolls of identify {unknown}
 o - a scroll of amnesia {unknown}
 p - a scroll of revelation {unknown}
Potions
 b - a potion of magic
 i - a potion of berserk rage {unknown}
 j - a potion of curing {unknown}
 k - a potion of degeneration {unknown}
 n - a potion of lignification {unknown}


   Skills:
 - Level 1.5 Dodging
 - Level 2.1 Stealth
 - Level 2.0 Spellcasting
 - Level 0.7 Transmutations
 * Level 4.9 Poison Magic


You had 2 spell levels left.
You knew the following spells:

 Your Spells              Type           Power      Damage    Failure   Level
a - Sting                 Tmut/Pois      44%        1d5       6%          1
b - Olgreb's Toxic Radia  Pois           19%        N/A       24%         4

Your spell library contained the following spells:

 Spells                   Type           Power      Damage    Failure   Level
 Poisonous Vapours        Pois/Air       20%        N/A       10%         2
 Mephitic Cloud           Conj/Pois/Air  7%         N/A       28%         3


Dungeon Overview and Level Annotations

Branches:
Dungeon (3/15)

Altars:
Dithmenos
Makhleb
Okawaru
Vehumet


Innate Abilities, Weirdness & Mutations

You are immune to sickness and miasma.
Your stone body is resilient. (AC +3)
You are immune to poison.
You resist negative energy. (rN+)
You are resistant to electric shocks. (rElec)
You are resistant to unholy torment.
You are immune to petrification.


Message History

You kneel at the altar of Vehumet.
Vehumet welcomes you!
p - a scroll labelled DASENE ZUROCA
There is an open door here.
As you open the door, it creaks loudly!
Found a burning altar of Makhleb.
You open the door.
Found a shadowy altar of Dithmenos.
You open the door.
Found a robe.
Found an iron altar of Okawaru.
There is an open door here.
There is an open door here.
Found 5 poisoned darts.
Found a short sword.
An ice beast comes into view.
The ice beast moves out of view.
You see here a +0 short sword.
An ice beast is nearby!
An ice beast is nearby!
Found 6 gold pieces.
You see here 10 gold pieces.
It was a potion of might.
You feel very mighty all of a sudden.
You hit the ice beast.
The ice beast is lightly wounded.
The ice beast hits you. The ice beast freezes you!
Ouch! That really hurt!
You hit the ice beast.
The ice beast is moderately wounded.
The ice beast hits you but does no damage.
The ice beast hits you. The ice beast freezes you.
* * * LOW HITPOINT WARNING * * *
You whack the ice beast!
Lightning courses through the ice beast!
The ice beast is almost dead.
The ice beast hits you.
* * * LOW HITPOINT WARNING * * *
The ice beast freezes you!
Ouch! That really hurt!
You die...

..#####. ..+ ........... .#
..# ..........# .# ..###
#........##.# ....#
#........##.# ....#
#........##.#
##...#####........##.#
.##.##...##.......##.#
8.#.#.8.8.#....$@Y...#
..#.#.._..#$......#..#
..#.#...8.#.#######..#
.'#^#'...### ##)# #..
##...#####.#########Y##.....
...⌠........##..........#
##...#####...#..(...........
.'#.#'...##.............#.##
..#.#...8.#...........### .#


You could see an ice beast.

Vanquished Creatures
  A worm (D:2)
  3 dart slugs
  2 orcs (D:3)
  8 endoplasms (D:1)
  A giant cockroach (D:2)
  2 goblins (D:1)
  6 hobgoblins
  5 quokkas
  6 ball pythons
  6 bats
  3 frilled lizards
  A kobold (D:2)
  4 rats
48 creatures vanquished.

Notes
Turn   | Place    | Note
-------+----------+-------------------------------------------
     0 | D:1      | Nattfarinn the Gargoyle Venom Mage began the quest for the
                  | Orb.
     0 | D:1      | Reached XP level 1. HP: 10/10 MP: 3/3
    62 | D:1      | Reached XP level 2. HP: 6/15 MP: 3/5
   368 | D:1      | Reached skill level 4 in Poison Magic
   521 | D:1      | Reached XP level 3. HP: 19/19 MP: 4/6
  1958 | D:3      | Reached XP level 4. HP: 16/24 MP: 4/7
  1963 | D:3      | Learned a level 4 spell: Olgreb's Toxic Radiance
  2112 | D:3      | Found a radiant altar of Vehumet.
  2116 | D:3      | Became a worshipper of Vehumet
  2127 | D:3      | Found a burning altar of Makhleb.
  2130 | D:3      | Found a shadowy altar of Dithmenos.
  2133 | D:3      | Found an iron altar of Okawaru.
  2179 | D:3      | Noticed an ice beast
  2193 | D:3      | HP: 1/24 [ice beast (1)]
  2193 | D:3      | Mangled by an ice beast

Illustrated notes

Levels and vault maps discovered:
D:1:      sevenhm_arrival_forest_fort_small_3, layout_basic,
          minmay_split_cup_large
D:2:      layout_basic
D:3:      layout_basic, grunt_temple_overflow_cloverleaf

Skill      XL: |  1  2 |
---------------+-------+-----
Poison Magic   | 4 |  4.9
Dodging        | |  1.5
Stealth        | |  2.1
Spellcasting   | |  2.0
Transmutations | |  0.7

Action                     |  1- 3 |  4- 6 || total
---------------------------+-------+-------++-------
  Melee: Whip              |    58 |     7 ||    65
   Cast: Sting             |    58 |       ||    58
         Olgreb's Toxic Ra |       |     1 ||     1
    Use: Potion            |       |     1 ||     1
   Stab: Sleeping          |     1 |       ||     1
 Armour: Robe              |    29 |     2 ||    31
  Dodge: Dodged            |    51 |     6 ||    57

Table legend: (Time is in decaauts)
 A = Elapsed time spent in this place.
 B = Non-inter-level travel time spent in this place.
 C = Inter-level travel time spent in this place.
 D = Time resting spent in this place.
 E = Time spent auto-exploring this place.
 F = Levels seen in this place.
 G = Mean time per level.
                   A        B        C        D        E       F      G
               +--------+--------+--------+--------+--------+-----+--------+
         Total |   2199 |   2076 |    123 |     53 |   1741 |   3 |  733.0 |
       Dungeon |   2199 |   2076 |    123 |     53 |   1741 |   3 |  733.0 |
               +--------+--------+--------+--------+--------+-----+--------+

Top non-repeatable levels by time:
     D:1: 1346 daAuts
     D:2: 668 daAuts
     D:3: 184 daAuts
